 Dungeon Crawl Stone Soup version 0.29.1-14-g9c671dbff4 (webtiles) character file.

Game seed: 16851554069899536166

11190 duckineer the Eclecticist (level 11, -3/57 HPs)
             Began as a Deep Elf Fire Elementalist on Feb 15, 2023.
             Was an Elder of Nemelex Xobeh.
             Slain by a black mamba (12 damage)
             ... on level 1 of the Lair of Beasts on Feb 16, 2023.
             The game lasted 02:22:44 (13193 turns).

duckineer the Eclecticist (DEFE)                   Turns: 13193, Time: 02:22:47

Health: -3/57      AC: 15    Str:  5    XL:     11   Next: 46%
Magic:  29/33      EV: 11    Int: 25    God:    Nemelex Xobeh [****..]
Gold:   210        SH:  0    Dex: 15    Spells: 29/42 levels left

rFire   + + .      SeeInvis .   K - staff of fire
rCold   + . .      Faith    .   (no shield)
rNeg    . . .      Spirit   .   M - +3 acid dragon scales
rPois   +          Reflect  .   (no helmet)
rElec   .          Harm     .   j - scarf {rC+ rF+}
rCorr   +          Rampage  .   (no gloves)
Will    +....                   m - +1 pair of boots
Stlth   ++........              I - amulet of regeneration
HPRegen 0.99/turn               n - +4 ring of protection
MPRegen 0.23/turn               F - ring of poison resistance

@: no status effects
A: no striking features
a: Renounce Religion, Draw Escape, Draw Destruction, Draw Summoning, Triple
Draw, Deal Four


You were on level 1 of the Lair of Beasts.
You worshipped Nemelex Xobeh.
Nemelex Xobeh was greatly pleased with you.
You visited 3 branches of the dungeon, and saw 12 of its levels.
You also visited: Ossuary.

You collected 630 gold pieces.
You spent 420 gold pieces at shops.

Inventory:

Hand Weapons
 g - a +6 dagger of draining
Armour
 j - a scarf of resistance (worn)
 m - a +1 pair of boots (worn)
 M - +3 acid dragon scales (worn)
Magical Staves
 K - a staff of fire (weapon)
Jewellery
 n - a +4 ring of protection (left hand)
 F - a ring of poison resistance (right hand)
 I - an amulet of regeneration (around neck)
Wands
 f - a wand of flame (18)
 r - a wand of roots (21)
 w - a wand of charming (24)
 E - a wand of polymorph (5)
 H - a wand of quicksilver (6)
Scrolls
 c - 4 scrolls of blinking
 k - 2 scrolls of amnesia
 o - 8 scrolls of teleportation
 p - 2 scrolls of identify
 t - a scroll of noise {unknown}
 v - a scroll of butterflies
 y - a scroll of torment {unknown}
 z - 2 scrolls of brand weapon {unknown}
 A - a scroll of vulnerability
 B - 2 scrolls of magic mapping
 G - 2 scrolls of poison {unknown}
 J - a scroll of immolation {unknown}
Potions
 a - 3 potions of might {unknown}
 b - a potion of magic
 d - a potion of degeneration {unknown}
 e - 3 potions of curing
 h - 3 potions of attraction
 i - a potion of ambrosia
 l - a potion of berserk rage
 q - a potion of resistance {unknown}
 s - 2 potions of flight
 u - 4 potions of haste
 x - 3 potions of brilliance
 C - a potion of lignification {unknown}
 D - a potion of invisibility {unknown}
 L - 2 potions of mutation {unknown}


   Skills:
 + Level 2.0 Fighting
 + Level 3.0 Armour
 + Level 3.4 Dodging
 + Level 4.6 Stealth
 + Level 16.2 Spellcasting
 + Level 6.8 Conjurations
 + Level 3.3 Hexes
 + Level 11.0 Fire Magic
 + Level 1.1 Evocations


You had 29 spell levels left.
You knew the following spells:

 Your Spells              Type           Power      Damage    Failure   Level
a - Foxfire               Conj/Fire      100%       2x1d9     1%          1
b - Scorch                Fire           100%       2d10      1%          2
c - Conjure Flame         Conj/Fire      78%        6-21      1%          3
d - Inner Flame           Hex/Fire       71%        N/A       1%          3
e - Flame Wave            Conj/Fire      78%        2d17      1%          4

Your spell library contained the following spells:

 Spells                   Type           Power      Damage    Failure   Level
 Confusing Touch          Hex            36%        N/A       4%          3
 Yara's Violent Unravell  Hex/Tmut       14%        3d7       61%         5
 Enfeeble                 Hex            18%        N/A       100%        7


Dungeon Overview and Level Annotations

Branches:
Dungeon (10/15)            Temple (1/1) D:4            Lair (1/5) D:8
Ossuary (visited)
    Orc: D:9-12

Altars:
Ashenzari
Cheibriados
Dithmenos
Elyvilon
Fedhas
Gozag
Hepliaklqana
Makhleb
Nemelex Xobeh
Okawaru
Qazlal
Ru
Sif Muna
Trog
Uskayaw
Vehumet
Wu Jian
Xom
Yredelemnul
Zin
The Shining One

Shops:
D:9 *

Annotations:
Lair:1 Ziem's ghost, journeyman OpTm


Message History

The black mamba bites you but does no damage.
Ziem's ghost is engulfed in blazing flames.
Your orb of destruction hits a rock wall.
The black mamba bites you!
You draw a card...
You have drawn the Pentagram.
Your chaos spawn is poisoned.
Your hell hound is poisoned.
The black mamba bites you!
Ziem's ghost hits you but does no damage.
The black mamba bites you but does no damage.
Ziem's ghost's toxic aura wanes.
Your hell hound bites Ziem's ghost but does no damage.
Casting: Scorch (safe; 1% risk of failure)
Press: ? - help, Q - select action, (/) - cycle Dir - look around, f - activate You feel a surge of power!
Flames lash the komodo dragon.
The komodo dragon is moderately wounded.
The komodo dragon's fire resistance burns away.
The black mamba bites you.
Your hell hound closely misses Ziem's ghost.
Ziem's ghost is engulfed in blazing flames.
Ziem's ghost mumbles some strange words.
Ziem's ghost begins to radiate toxic energy.
Your chaos spawn looks even sicker.
Your hell hound looks even sicker.
The black mamba bites you but does no damage.
Your hell hound barely misses Ziem's ghost.
Your chaos spawn gores Ziem's ghost!
Ziem's ghost's magic leaks into the air.
Casting: Scorch (safe; 1% risk of failure)
Press: ? - help, Q - select action, (/) - cycle Dir - look around, f - activate You feel a surge of power!
Flames lash the black mamba.
The black mamba is heavily wounded.
The black mamba's fire resistance burns away.
Your hell hound looks even sicker.
The black mamba closely misses you.
Ziem's ghost is engulfed in blazing flames.
Ziem's ghost hits you!
* * * LOW HITPOINT WARNING * * *
Your hell hound closely misses Ziem's ghost.
The black mamba bites you!
You die...
Your body glows slightly and disappears.

...................# #...........
.......#########..## #...........
.......#.......#..####........†.#
.......#..#.#..#....#.###.####..#
....#..#.$.#...'....### ### ##.##
...>...#.".....§☼§...# #.##
.......#.[.#...'l§...## ##.##
...##..#..#.#..#SW....## #...##
....#..#.......#@h4....## ##.#...
.......#########........###......
..[...............)......##..####
....#.................#.....## #
...###................###...#
.#.#..................# ##..###
#.................°..## #.#.#.###
..................○..# ##.......#
..#..................# #.........


You could see a komodo dragon (combustible), a black mamba (combustible), Ziem's
ghost (toxic aura, ally target, magic disrupted), a friendly chaos spawn
(summoned, very poisoned) and a friendly hell hound (summoned, very poisoned).

Vanquished Creatures
  2 hydras (Lair:1)
  3 elephants (Lair:1)
  2 cane toads (Lair:1)
  3 komodo dragons
  An unseen horror zombie (D:9)
  Maggie (D:7)
  A troll (D:9)
  Prince Ribbit (D:6)
  A shadow (D:9)
  A wyvern (Lair:1)
  9 yaks
  5 water moccasins
  2 orc warriors
  A sky beast (D:8)
  2 black bears
  2 centaurs
  6 wolves (Lair:1)
  The ghost of diceflayer the Shooter, an amateur DsHu (D:3)
  An elf zombie (Ossuary)
  2 kobold brigands
  6 bullfrogs
  2 necrophages
  3 scorpions
  3 wights (D:8)
  Dowan (D:7)
  19 killer bees (D:9)
  3 howler monkeys (D:9)
  2 centaur zombies (Ossuary)
  2 jellies
  9 orc priests
  3 human zombies (Ossuary)
  6 hounds
  8 orc wizards
  Ijyb (D:3)
  An iguana (D:6)
  A killer bee zombie (D:9)
  A centaur simulacrum (D:9)
  A hound zombie (Ossuary)
  3 mummies (Ossuary)
  A howler monkey zombie (D:9)
  A howler monkey skeleton (D:9)
  4 adders
  2 shadow imps
  A white imp (D:7)
  2 ufetubi
  4 adder zombies (Ossuary)
  A worm (D:5)
  6 dart slugs
  33 orcs
  7 ball pythons
  8 endoplasms
  A giant cockroach (D:3)
  4 goblins
  A hobgoblin (D:2)
  4 jackals (D:4)
  15 kobolds
  7 quokkas
  3 bats
  6 frilled lizards
  A gnoll zombie (Ossuary)
  4 hobgoblin zombies (Ossuary)
  3 jackal zombies (Ossuary)
  6 kobold zombies (Ossuary)
  2 orc zombies (Ossuary)
  2 quokka zombies (Ossuary)
  4 rats
  2 rat zombies (Ossuary)
257 creatures vanquished.

Vanquished Creatures (collateral kills)
  Duvessa (D:7)
  A quokka zombie (Ossuary)
2 creatures vanquished.

Vanquished Creatures (others)
  An orc (D:6)
  530 foxfires
  7 fungi
  38 plants
576 creatures vanquished.

Grand Total: 835 creatures vanquished

Notes
Turn   | Place    | Note
-------+----------+-------------------------------------------
     0 | D:1      | duckineer the Deep Elf Fire Elementalist began the quest
                  | for the Orb.
     0 | D:1      | Reached XP level 1. HP: 10/10 MP: 6/6
   142 | D:1      | Found a faded altar of an unknown god.
   571 | D:1      | Reached XP level 2. HP: 15/15 MP: 5/8
   574 | D:1      | Learned a level 2 spell: Scorch
  1739 | D:2      | Reached skill level 4 in Spellcasting
  1739 | D:2      | Reached XP level 3. HP: 19/19 MP: 6/10
  1772 | D:2      | Learned a level 3 spell: Conjure Flame
  2514 | D:3      | Found a runed translucent door.
  2515 | D:3      | Noticed diceflayer's ghost (amateur DsHu)
  2526 | D:3      | Killed diceflayer's ghost
  2527 | D:3      | Reached XP level 4. HP: 24/24 MP: 8/12
  2531 | D:3      | Learned a level 3 spell: Inner Flame
  2778 | D:3      | Reached XP level 5. HP: 28/28 MP: 12/14
  2928 | D:3      | Identified the +4 flail "Erpheag" {spect, rCorr Str+4 Int+3
                  | Stlth+}
  3057 | D:3      | Reached skill level 5 in Spellcasting
  3434 | D:3      | Noticed Ijyb
  3438 | D:3      | Killed Ijyb
  3715 | D:4      | Reached skill level 6 in Spellcasting
  3769 | D:4      | Reached XP level 6. HP: 27/32 MP: 14/17
  3774 | D:4      | Learned a level 4 spell: Flame Wave
  4110 | D:4      | Found a staircase to the Ecumenical Temple.
  4134 | Temple   | Entered the Ecumenical Temple
  4161 | Temple   | Became a worshipper of Nemelex Xobeh the Trickster
  4599 | D:4      | Reached skill level 7 in Spellcasting
  4652 | D:4      | Reached skill level 5 in Fire Magic
  4828 | D:5      | Entered Level 5 of the Dungeon
  5063 | D:5      | Reached XP level 7. HP: 36/36 MP: 17/20
  5257 | D:5      | Found a sand-covered staircase.
  5266 | Ossuary  | Entered an ossuary
  5495 | Ossuary  | Reached skill level 8 in Spellcasting
  5916 | Ossuary  | Reached * piety under Nemelex Xobeh
  6569 | D:6      | Received a gift from Nemelex Xobeh
  6655 | D:6      | Reached skill level 9 in Spellcasting
  6704 | D:6      | Noticed Prince Ribbit
  6823 | D:6      | Killed Prince Ribbit
  6824 | D:6      | Reached XP level 8. HP: 41/41 MP: 16/23
  7246 | D:6      | Reached skill level 10 in Spellcasting
  7505 | D:7      | Noticed Dowan
  7512 | D:7      | Killed Dowan
  7520 | D:7      | Noticed Duvessa
  7538 | D:7      | Killed Duvessa
  7690 | D:7      | Reached ** piety under Nemelex Xobeh
  7715 | D:7      | Noticed Maggie
  7937 | D:7      | Reached skill level 11 in Spellcasting
  8143 | D:7      | Killed Maggie
  8144 | D:7      | Reached XP level 9. HP: 23/46 MP: 14/26
  8299 | D:7      | Reached skill level 1 in Fighting
  8372 | D:7      | Received a gift from Nemelex Xobeh
  8579 | D:7      | Found a glowing golden altar of the Shining One.
  8610 | D:7      | Found a shimmering blue altar of Sif Muna.
  8865 | D:8      | Noticed a komodo dragon
  8876 | D:8      | Killed a komodo dragon
  8877 | D:8      | Reached skill level 5 in Conjurations
  8878 | D:8      | Reached skill level 12 in Spellcasting
  8884 | D:8      | Reached skill level 1 in Evocations
  9408 | D:8      | Reached skill level 1 in Armour
  9472 | D:8      | Found a staircase to the Lair.
  9588 | D:8      | Found an opulent altar of Gozag.
  9657 | D:8      | Reached *** piety under Nemelex Xobeh
  9751 | D:8      | Reached skill level 13 in Spellcasting
  9751 | D:8      | Reached skill level 1 in Hexes
 10314 | D:9      | Found Sufeucw's General Store.
 10322 | D:9      | Bought an amulet of regeneration for 420 gold pieces
 10497 | D:9      | Reached XP level 10. HP: 53/53 MP: 16/29
 10803 | D:9      | Reached skill level 14 in Spellcasting
 10909 | D:9      | Received a gift from Nemelex Xobeh
 11145 | D:9      | Found a shadowy altar of Dithmenos.
 11191 | D:9      | Found a white marble altar of Elyvilon.
 11585 | D:10     | Entered Level 10 of the Dungeon
 11783 | Lair:1   | Entered Level 1 of the Lair of Beasts
 11793 | Lair:1   | Reached skill level 10 in Fire Magic
 11879 | Lair:1   | Noticed a cane toad
 11885 | Lair:1   | Killed a cane toad
 11941 | Lair:1   | Received a gift from Nemelex Xobeh
 11955 | Lair:1   | Reached skill level 15 in Spellcasting
 12074 | Lair:1   | Noticed an elephant
 12076 | Lair:1   | Noticed an elephant
 12077 | Lair:1   | Noticed an elephant
 12083 | Lair:1   | Killed an elephant
 12084 | Lair:1   | Reached XP level 11. HP: 43/57 MP: 22/32
 12135 | Lair:1   | Noticed a five-headed hydra
 12317 | Lair:1   | Reached **** piety under Nemelex Xobeh
 12407 | Lair:1   | Found a runed translucent gate.
 12409 | Lair:1   | Found a runed translucent gate.
 12411 | Lair:1   | Found a runed translucent gate.
 12412 | Lair:1   | Noticed Ziem's ghost (journeyman OpTm)
 12414 | Lair:1   | Received a gift from Nemelex Xobeh
 12455 | Lair:1   | Noticed a five-headed hydra
 12464 | Lair:1   | Killed a five-headed hydra
 12621 | Lair:1   | Killed a five-headed hydra
 12622 | Lair:1   | Reached skill level 16 in Spellcasting
 13193 | Lair:1   | Slain by a black mamba

Illustrated notes

Levels and vault maps discovered:
D:1:      psy_arrival_terrarium, layout_loops_corners,
          ebering_ecumenical_altar_sacrificial, grunt_decor_cap,
          chequers_big_river, lexackson_kobold_supper
D:2:      layout_basic
D:3:      layout_loops_ring, ebering_ghost_reflecting_pool, uniq_ijyb
D:4:      layout_basic, minmay_temple_entry_mini_moons
D:5:      layout_loops_ring, nicolae_ossuary_entry_plus, kennysheep_small_circle
D:6:      layout_basic, uniq_prince_ribbit1
D:7:      layout_cave_pods, tso_oasis_becter, lemuel_tele_altar, uniq_maggie,
          uniq_duvessa
D:8:      layout_loops_ring, grunt_gozag_statues, grunt_lair_entry_orc_guard_hut
D:9:      layout_roguey, grunt_temple_overflow_open, serial_shops, shop,
          columned_hall_lemuel, hangedman_weighted_door
D:10:     layout_loops_ring, kennysheep_vampire_church, kennysheep_small_spiral,
          kennysheep_generic_room_6
Temple:   kb_temple_of_zot
Lair:1:   layout_cave_pods, gammafunk_ghost_split

Skill      XL: |  1  2  3  4  5  6  7  8  9 10 11 |
---------------+----------------------------------+-----
Spellcasting   | 4 6 7 9 11 13 15 16 | 16.2
Stealth        | 3 4 |  4.6
Conjurations   | 2 3 4 6 |  6.8
Fire Magic     | 4 5 6 7 8 10 11 | 11.0
Dodging        | 3 |  3.4
Fighting       | 1 2 |  2.0
Evocations     | 1 |  1.1
Armour         | 1 2 3 |  3.0
Hexes          | 1 3 |  3.3

Action                   |  1- 3 |  4- 6 |  7- 9 | 10-12 || total
-------------------------+-------+-------+-------+-------++-------
Melee: Dagger            |       |       |     5 |     8 ||    13
       Staff             |       |       |       |     1 ||     1
 Cast: Foxfire           |    59 |    50 |   177 |    40 ||   326
       Scorch            |     8 |    33 |    81 |    65 ||   187
       Conjure Flame     |     3 |       |     9 |     5 ||    17
       Inner Flame       |       |     2 |    14 |     7 ||    23
       Flame Wave        |       |       |     6 |     7 ||    13
Invok: Draw Destruction  |       |       |     7 |     7 ||    14
       Draw Escape       |       |       |     2 |       ||     2
       Draw Summoning    |       |       |     1 |     1 ||     2
Evoke: Wand              |       |     2 |     5 |       ||     7
  Use: Scroll            |     1 |     3 |    11 |     4 ||    19
       Potion            |     1 |     2 |    10 |     1 ||    14
 Stab: Sleeping          |       |       |       |     1 ||     1
Armor: Robe              |     2 |    12 |    10 |       ||    24
       Acid dragon scale |       |       |    15 |    33 ||    48
Dodge: Dodged            |    13 |    10 |    30 |    33 ||    86
